Map: Overgrowth LE (Void)

Players

roberto - Winner!

  • Race: Zerg Zerg
  • League: Diamond
  • Spawn Location: 1:00

Musumeci

  • Race: Zerg Zerg
  • League: Diamond
  • Spawn Location: 7:00

VOD

Have the link to the VOD?

Description

Time

  • Played on: Dec. 28, 2016, 8:36 a.m.
  • Length: 9:29
Show
View Real Time Build Order
Export as new Build Order

roberto Zerg - Winner!

Build Orders: Pool First, Zergling Baneling 

Get SALT Encoding   

  12  0:02  Drone  
  13  0:12  Drone  
  14  0:22  Extractor  
  13  0:28  Spawning Pool  
  13  0:31  Drone  
  13  0:36  Drone  
  14  0:45  Overlord  
  14  1:06  Drone  
  15  1:15  Zergling x4  
  17  1:18  Zergling x2  
  17  1:21  Metabolic Boost  
  18  1:29  Zergling x2  
  19  1:38  Queen  
  19  1:39  Zergling x2  
  22  1:47  Baneling Nest  
  22  1:54  Zergling x2  
  22  1:59  Extractor  
  22  2:01  Zergling x2  
  23  2:14  Overlord  
  22  2:32  Baneling x2  
  22  2:38  Zergling x4  
  23  2:49  Zergling x2  
  23  2:50  Zergling x6  
  25  3:06  Zergling x2  
  25  3:19  Hatchery  
  24  3:21  Baneling  
  24  3:22  Baneling  
  24  3:23  Drone x2  
  26  3:44  Baneling x5  
  26  3:46  Drone  
  26  3:47  Drone x2  
  29  4:18  Queen, Evolution Chamber  
  29  4:20  Overlord  
  30  4:32  Drone  
  30  4:33  Drone x5  
  36  4:43  Drone  
  37  5:01  Zergling x4  
  39  5:10  Spine Crawler  
  39  5:11  Drone x5  
  37  5:48  Drone  
  37  5:49  Drone x6  
  44  5:51  Lair, Extractor  
  44  5:54  Extractor x2  
  41  5:57  Evolution Chamber  
  41  5:59  Roach Warren  
  41  6:01  Evolution Chamber  
  35  6:13  Zergling x14  
  42  6:28  Drone  
  43  6:33  Baneling x2  
  43  6:40  Drone  
  43  6:41  Overlord x2  
  43  6:44  Overlord x3  
  44  6:50  Baneling x4  
  44  7:07  Baneling x2  
  44  7:08  Baneling x2  
  44  7:09  Roach x4  
  44  7:10  Roach x3  
  44  7:13  Glial Reconstitution  
  57  7:48  Roach  
  57  7:49  Roach x2  
  58  7:52  Baneling  
  58  7:57  Roach  
  58  7:58  Roach x4  
  66  8:02  Spire  
  66  8:05  Overlord  
  65  8:09  Overlord  
  65  8:11  Overlord  
  64  8:20  Zergling x2  
  65  8:28  Zergling x2  
  65  8:29  Zergling x2  
  67  8:36  Evolution Chamber  
  67  8:38  Drone x3  
  67  8:40  Overseer  
  70  8:50  Zergling x6  
Show
View Real Time Build Order
Export as new Build Order

Musumeci Zerg 

Build Orders: Hatch First 

Get SALT Encoding   

  12  0:01  Drone  
  13  0:08  Drone  
  13  0:12  Extractor  
  13  0:15  Drone  
  15  0:22  Overlord  
  15  0:40  Drone x2  
  17  0:54  Hatchery  
  16  1:09  Spawning Pool  
  15  1:12  Extractor  
  15  1:14  Drone  
  15  1:19  Drone  
  15  1:22  Drone  
  17  1:26  Drone  
  18  1:36  Drone  
  20  1:47  Drone  
  20  1:56  Queen  
  20  1:57  Spine Crawler  
  20  1:58  Zergling x2  
  22  2:07  Zergling x2  
  23  2:13  Zergling x2  
  24  2:18  Zergling x2  
  23  2:35  Baneling Nest  
  20  2:56  Zergling x12  
  18  3:14  Evolution Chamber x2  
  15  3:23  Evolution Chamber  
  14  3:27  Drone  
  14  3:31  Drone  
  16  3:45  Evolution Chamber  
  16  3:48  Evolution Chamber  
  16  3:52  Drone  
  16  3:56  Drone  
  16  4:02  Drone  
  18  4:14  Metabolic Boost  
  18  4:16  Baneling  
  18  4:17  Baneling  
  18  4:22  Drone  
  19  4:26  Drone  
  19  4:30  Drone  
  21  4:35  Drone  
  22  4:39  Drone  
  22  4:43  Drone  
  24  4:46  Drone  
  25  5:08  Overlord  
  25  5:11  Queen  
  25  5:12  Drone  
  23  5:37  Zerg Melee Weapons Level 1  
  22  5:46  Zergling x2  
  22  5:47  Zergling x4  
  22  5:49  Queen  
  27  6:00  Zergling x4  
  25  6:13  Drone x2  
  25  6:15  Drone  
  28  6:31  Zergling x2  
  28  6:32  Zergling x8  
  33  6:43  Hatchery  
  32  6:48  Overlord x2  
  32  7:09  Zergling x10  
  32  7:10  Zergling x4  
  33  7:51  Queen  
  33  7:57  Queen  
  33  7:58  Queen  
  39  8:00  Zergling x2  
  39  8:01  Zergling x2  
  39  8:26  Drone x7  
  46  8:50  Drone x3  
  49  8:59  Evolution Chamber  
  48  9:03  Zergling x2  
Tags
 
Add a new tag
Caveats
  • Supply blocks, unpowered buildings, or Contaminate may cause inaccurate times.
  • Supply counts are checked every 10 seconds.